 Dungeon Crawl Stone Soup version 0.17-a0-20-gd0808f3 (webtiles) character file.

236 plathrop the Twirler (level 5, -2/46 HPs)
             Began as a Minotaur Gladiator on Mar 7, 2015.
             Slain by an orc priest
             ... wielding a +0 trident
              (8 damage)
             ... on level 3 of the Dungeon.
             The game lasted 00:03:47 (1883 turns).

plathrop the Twirler (Minotaur Gladiator)           Turns: 1883, Time: 00:03:48

Health: -2/46      AC:  6    Str: 19    XL:     5   Next: 77%
Magic:  2/2        EV: 12    Int:  5    God:
Gold:   31         SH:  0    Dex: 12    Spells: 0 memorised, 4 levels left

rFire  . . .     SeeInvis +     a - +0 quarterstaff
rCold  . . .     Clarity  .     l - +0 ring mail
rNeg   . . .     SustAb   .     (no shield)
rPois  .         Gourm    .     c - +0 hat
rElec  .         Spirit   .     (no cloak)
rCorr  .         Warding  .     e - +0 pair of gloves
rMut   .         Stasis   .     (no boots)
MR     .....                    (no amulet)
Stlth  +.........               (no ring)
                                m - ring of see invisible

@: not resistant to hostile enchantments, very unstealthy
A: retaliatory headbutt, horns 2
a: no special abilities


You were on level 3 of the Dungeon.
You were not hungry.

You visited 1 branch of the dungeon, and saw 3 of its levels.

You collected 31 gold pieces.

Inventory:

Hand weapons
 a - a +0 quarterstaff (weapon)
Missiles
 d - 3 throwing nets (quivered)
 f - 6 javelins
Armour
 c - a +0 hat (worn)
 e - a +0 pair of gloves (worn)
 l - a +0 ring mail (worn)
Jewellery
 m - a ring of see invisible (left hand)
Scrolls
 g - 2 scrolls of teleportation
 i - a scroll of remove curse
 j - a scroll of fear
 p - a scroll of fog
Potions
 b - a potion of might {unknown}
 k - a potion of restore abilities
 n - a potion of cure mutation {unknown}
 o - a potion of agility {unknown}
Comestibles
 h - a meat ration


   Skills:
 + Level 4.1 Fighting
 * Level 7.1 Staves
 - Level 2.0 Throwing
 - Level 3.2 Dodging


You had 4 spell levels left.
You didn't know any spells.

Dungeon Overview and Level Annotations

Branches:
Dungeon (3/15)

Altars:


Innate Abilities, Weirdness & Mutations

You reflexively headbutt those who attack you in melee.
You have a pair of horns on your head.


Message History

You hit the orc.
The orc is moderately wounded.
The orc priest hits you from afar with a trident.
The orc priest calls upon Beogh to heal the orc.
The orc's wounds heal themselves!
The orc barely misses you.
The orc priest mumbles some strange prayers to Beogh against you.
Something smites you! The orc priest barely misses you.
You hit the orc priest.
You kill the orc priest!
Your Fighting skill increases to level 4!
Your Staves skill increases to level 7!
The orc hits you but does no damage.
The orc priest calls down the wrath of Beogh upon you.
Something smites you!
* * * LOW HITPOINT WARNING * * *
You hit the orc priest.
The orc priest is lightly wounded.
The orc hits you but does no damage. The orc priest hits you with a trident!
You die...

... . .. ...#.##
## .... [.# #...
.....##.# #...#
#......###..##
#......@)...###
###.....oo.......
#(......#####...
..?.#.#...# # #
##..# ###. #..##
......##..#######
#...)..........
#.###.....####


You could see an orc priest and an orc.

Vanquished Creatures
  The ghost of mrpyro the Insei, an average OpTm of Cheibriados (D:3)
  A crimson imp (D:3)
  An orc priest (D:3)
  A giant mite (D:1)
  2 worms (D:2)
  An ooze (D:3)
  3 orcs
  4 giant cockroaches
  2 goblins
  A hobgoblin (D:1)
  A ball python (D:2)
  7 bats
  A giant gecko (D:2)
  A giant newt (D:2)
  5 kobolds
  A quokka (D:3)
  7 rats
40 creatures vanquished.

Notes
Turn   | Place    | Note
--------------------------------------------------------------
     0 | D:1      | plathrop, the Minotaur Gladiator, began the quest for the Orb.
     0 | D:1      | Reached XP level 1. HP: 18/18 MP: 1/1
   157 | D:1      | Reached skill level 4 in Staves
   195 | D:1      | Reached XP level 2. HP: 25/25 MP: 1/1
   613 | D:1      | Reached skill level 5 in Staves
   957 | D:2      | Reached XP level 3. HP: 26/30 MP: 2/2
  1499 | D:3      | Reached XP level 4. HP: 23/38 MP: 2/2
  1638 | D:3      | Noticed mrpyro's ghost (average OpTm)
  1666 | D:3      | Killed mrpyro's ghost
  1666 | D:3      | Reached skill level 6 in Staves
  1666 | D:3      | Reached XP level 5. HP: 17/46 MP: 2/2
  1882 | D:3      | Reached skill level 7 in Staves
  1883 | D:3      | Slain by an orc priest

Action                   |  1- 3 |  4- 6 || total
-------------------------+-------+-------++-------
Melee: Quarterstaff      |    88 |    36 ||   124
  Use: Scroll            |     6 |       ||     6
  Eat: Bread ration      |     1 |       ||     1
